 Seeded DCSS version 0.29.1-15-g9cfb28693d (webtiles) character file.

Game seed: 11851575853161599096 (custom seed)

44635 Sanktem7 the Cleaver (level 14, -6/113 HPs)
             Began as a Formicid Fighter on Mar 17, 2023.
             Was the Champion of Okawaru.
             Killed from afar by a swamp dragon (10 damage)
             ... with a blast of poison
             ... on level 5 of the Lair of Beasts.
             The game lasted 00:21:43 (15656 turns).

Sanktem7 the Cleaver (Formicid Fighter)            Turns: 15656, Time: 00:21:44

Health: -6/113     AC: 40    Str: 28    XL:     14   Next: 66%
Magic:  17/17      EV:  8    Int: 12    God:    Okawaru [******]
Gold:   2290       SH: 12    Dex: 13    Spells: 13/13 levels left

rFire   + . .      SeeInvis +   y - +1 broad axe of the Twenty Wonders {pain, *Noise rElec rC+++ rN+, axe}
rCold   + + +      Faith    .   c - +0 buckler
rNeg    + . .      Spirit   .   v - +15 Maxwell's patent armour {-Cast -Tele rElec Will+ rCorr}
rPois   .          Reflect  +   (helmet unavailable)
rElec   +          Harm     .   J - +0 cloak of the Snake Pit {rElec rF+}
rCorr   +          Rampage  .   r - +0 pair of gloves
Will    ++...      NoCast   +   A - +2 pair of boots
Stlth   ..........              Q - amulet "Kisy" {Reflect Int+4 SH+5}
HPRegen 0.28/turn               a - ring "Oxzywn" {AC+4 Str+2}
MPRegen 0.15/turn               p - +4 ring of slaying

@: lethally poisoned (-6 -> -27), studying Short Blades
A: permanent stasis, dig shafts and tunnels, antennae 3, four strong arms
a: Dig, Shaft Self, Renounce Religion, Heroism, Finesse, Duel


You were on level 5 of the Lair of Beasts.
You worshipped Okawaru.
Okawaru was exalted by your worship.
You visited 4 branches of the dungeon, and saw 16 of its levels.

You collected 2394 gold pieces.
You spent 104 gold pieces at shops.


Innate Abilities, Weirdness & Mutations

You cannot be hasted, slowed, berserked, paralysed or teleported.
You can dig through walls and to a lower floor.
You have a pair of large antennae on your head. (SInv)
Your four strong arms can wield two-handed weapons with a shield.


   Skills:
 + Level 11.6 Fighting
 * Level 14.4 Axes
 + Level 9.1 Throwing
 + Level 11.6 Armour
 + Level 13.7 Shields
 - Level 5.0 Invocations


You had 13 spell levels left.
You didn't know any spells.
Your spell library contained the following spells:

 Spells                   Type           Power      Damage    Failure   Level
 Necrotise                Necr           0%         1d4       95%         1
 Shock                    Conj/Air       0%         1d3       95%         1
 Static Discharge         Conj/Air       0%         3-3/arc   99%         2
 Gell's Gravitas          Tloc           0%         N/A       100%        3
 Lesser Beckoning         Tloc           0%         N/A       100%        3
 Teleport Other           Tloc           0%         N/A       100%        3
 Vampiric Draining        Necr           0%         2d6       100%        3
 Airstrike                Air            0%         2d(0-16)  100%        4
 Anguish                  Hex/Necr       0%         N/A       100%        4
 Hailstorm                Conj/Ice       0%         3d3       100%        4
 Ice Form                 Ice/Tmut       0%         N/A       100%        4
 Agony                    Necr           0%         N/A       100%        5
 Alistair's Intoxication  Tmut/Pois      0%         N/A       100%        5
 Borgnjor's Vile Clutch   Necr/Erth      0%         N/A       100%        5
 Iskenderun's Battlesphe  Conj           0%         2d6       100%        5
 Lightning Bolt           Conj/Air       0%         1d11      100%        5
 Dispersal                Tloc           0%         N/A       100%        6
 Eringya's Noxious Bog    Tmut/Pois      0%         N/A       100%        6
 Iron Shot                Conj/Erth      0%         9d1       100%        6
 Enfeeble                 Hex            0%         N/A       100%        7
 Maxwell's Capacitive Co  Air            0%         ∞         100%        8
 Swiftness                Air            Unusable   N/A       N/A         3
 Simulacrum               Ice/Necr       Unusable   N/A       N/A         6
 Spellforged Servitor     Conj/Summ      Unusable   N/A       N/A         7

Inventory:

Hand Weapons
 t - the +11 great mace of Ilogax {vorpal, rF- Will++, mace}
   (Okawaru gifted it to you on level 2 of the Lair of Beasts)

   It inflicts extra damage upon your enemies.
   rF:        It makes you vulnerable to fire.
   Will:      It greatly increases your willpower.
 y - the +1 broad axe of the Twenty Wonders (weapon) {pain, *Noise rElec rC+++ rN+, axe}
   (You found it on level 4 of the Lair of Beasts)

   In the hands of one skilled in necromantic magic, it inflicts extra damage on
   living creatures.
   rC:        It renders you almost immune to cold.
   rElec:     It insulates you from electricity.
   rN:        It protects you from negative energy.
   *Noise:    It may make noises in combat.
 L - a +3 vorpal broad axe {axe}
   (Okawaru gifted it to you on level 5 of the Lair of Beasts)
 M - the +11 plutonium sword {Contam Stlth-}
   (You found it on level 5 of the Lair of Beasts)

   It occasionally inflicts wild transmutation effects on those it strikes,
   inflicting malmutation or extra damage, or polymorphing them into a new form.
   Contam:    It causes magical contamination when unequipped.
   Stlth:     It makes you less stealthy.
Missiles
 b - 32 poisoned darts {throwing}
 h - 8 boomerangs {throwing}
 i - 68 stones {throwing}
 k - 2 javelins {throwing}
 o - 2 throwing nets {=f!fthrowing}
 F - 6 curare-tipped darts {=fthrowing}
Armour
 c - a +0 buckler (worn)
 r - a +0 pair of gloves (worn)
   (You found it on level 4 of the Lair of Beasts)
 v - the +15 Maxwell's patent armour (worn) {-Cast -Tele rElec Will+ rCorr}
   (You found it on level 3 of the Dungeon)

   rElec:     It insulates you from electricity.
   -Cast:     It prevents spellcasting.
   -Tele:     It prevents most forms of teleportation.
   rCorr:     It protects you from acid and corrosion.
   Will:      It increases your willpower.
 A - a +2 pair of boots (worn)
   (You found it on level 3 of the Lair of Beasts)
 J - the +0 cloak of the Snake Pit (worn) {rElec rF+}
   (Okawaru gifted it to you on level 4 of the Lair of Beasts)

   rF:        It protects you from fire.
   rElec:     It insulates you from electricity.
Jewellery
 a - the ring "Oxzywn" (left hand) {AC+4 Str+2}
   (You acquired it on level 8 of the Dungeon)

   [ring of protection]

   AC:        It affects your AC (+4).
   Str:       It affects your strength (+2).
 p - a +4 ring of slaying (right hand)
   (You found it on level 1 of the Dungeon)
 Q - the amulet "Kisy" (around neck) {Reflect Int+4 SH+5}
   (You found it on level 7 of the Dungeon)

   [amulet of reflection]

   It reflects blocked missile attacks.
   Int:       It affects your intelligence (+4).
   SH:        It affects your SH (+5).
Wands
 l - a wand of light (6)
   (You found it on level 1 of the Lair of Beasts)
 n - a wand of mindburst (7)
   (You found it on level 1 of the Lair of Beasts)
 x - a wand of paralysis (47)
   (You found it on level 4 of the Dungeon)
 D - a wand of digging (2)
   (You found it on level 2 of the Lair of Beasts)
 H - a wand of flame (74)
   (You found it on level 6 of the Dungeon)
 U - a wand of iceblast (13) (quivered)
   (You found it on level 8 of the Dungeon)
Scrolls
 j - 13 scrolls of identify {@r1}
 m - 3 scrolls of enchant weapon
 s - 3 scrolls of poison {!r}
 u - 3 scrolls of noise {!r}
 z - 2 scrolls of fog
Potions
 d - 3 potions of might
 e - 6 potions of curing {@q1}
 f - 7 potions of haste {@q3}
 g - 5 potions of brilliance {unknown}
 q - 5 potions of mutation {unknown}
 w - 5 potions of flight {unknown}
 B - 2 potions of heal wounds {unknown}
 C - 2 potions of berserk rage {unknown}
 E - 3 potions of ambrosia {unknown}
 G - 4 potions of lignification {unknown}
 I - 4 potions of invisibility
 K - a potion of degeneration {unknown}
 N - 2 potions of resistance {unknown}

Dungeon Overview and Level Annotations

Branches:
Dungeon (9/15) Zot: 25543  Temple (1/1) D:5 Zot: 5998    Lair (5/5) D:9 Zot: 22490
 Shoals (0/4) Lair:3        Snake (1/4) Lair:2 Zot: 5998   Slime (0/5) Lair:5
    Orc: D:9-12

Altars:
Ashenzari
Kikubaaqudgha
Okawaru
Trog
Uskayaw
Wu Jian
Yredelemnul
Jiyva

Shops:
D:4 [   D:5 [   D:7 *

Annotations:
D:7 1 runed translucent door, AverageBear's ghost, novice DsFi
Snake:1 Kirke

♣..~~D ♣.~≈♣
♣~≈≈♣♣ ♣≈ ♣.~≈~♣♣
♣♣.≈ ♣♣~~~.♣♣
♣.~≈~ ♣...~~♣♣
♣♣.~≈♣ ♣♣
♣♣♣°☼§°♣♣♣.≈≈..
♣. ♣♣D♣†≈~~.≈♣
♣♣.. ♣@○.~..~≈♣♣
...
♣♣○○.....~♣♣l. ♣
♣♣☼.♣..♣~~≈♣♣♣♣♣♣
♣♣♣...♣♣~†~♣♣.♣♣
♣♣......†≈~~.~
♣♣♣♣.♣.♣~.♣♣.
♣♣♣♣♣♣♣♣♣♣ ♣
######


You could see a swamp dragon (catching breath).


Message History

* * * LOW HITPOINT WARNING * * *
You feel very sick. The fire dragon barely misses you.
You block the fire dragon's attack. x2
The swamp dragon bites you but does no damage.
The swamp dragon claws you but does no damage.
You block the swamp dragon's attack. 😨 HP[+6]
You regained 6 hp, and now have 44/113 hp.
You hit the fire dragon. You slash the swamp dragon!
You are engulfed in poison gas.
You are more poisoned.
* * * LOW HITPOINT WARNING * * *
You feel very sick. The fire dragon bites you.
* * * LOW HITPOINT WARNING * * *
The fire dragon claws you but does no damage.
The fire dragon tramples you but does no damage.
The swamp dragon breathes poison at you.
The blast of poison engulfs you but does no damage.
You are more poisoned.
You hear a roar! 😨 HP[-8]
You take 8 damage, and now have 36/113 hp.
You feel better.
The swamp dragon bites you but does no damage.
The swamp dragon claws you but does no damage.
You block the swamp dragon's attack. The fire dragon bites you.
* * * LOW HITPOINT WARNING * * *
The fire dragon claws you but does no damage.
The fire dragon tramples you but does no damage. 😨 HP[+4]
You regained 4 hp, and now have 40/113 hp.
You slash the fire dragon! You hit the swamp dragon.
The swamp dragon bites you but does no damage.
The swamp dragon claws you but does no damage.
The swamp dragon tramples you but does no damage.
The fire dragon breathes flames at you. The blast of flame hits you.
You resist.
* * * LOW HITPOINT WARNING * * *
You hear an angry hiss. 😨 HP[-4]
You take 4 damage, and now have 36/113 hp.
You closely miss the fire dragon.
Your broad axe of the Twenty Wonders erupts into laughter!
You hit the swamp dragon.
You hear an angry hiss.
You block the swamp dragon's attack.
The swamp dragon claws you but does no damage.
The swamp dragon tramples you.
* * * LOW HITPOINT WARNING * * *
You hold your ground!
The fire dragon closely misses you.
The fire dragon claws you but does no damage.
The fire dragon tramples you but does no damage. 😨 HP[-3]
You take 3 damage, and now have 33/113 hp.
You slice the fire dragon!!
You kill the fire dragon!
Okawaru accepts your kill.
You hit the swamp dragon but do no damage.
The swamp dragon bites you!
* * * LOW HITPOINT WARNING * * *
You block the swamp dragon's attack.
The swamp dragon tramples you but does no damage. 😱 HP[-7]
You take 7 damage, and now have 26/113 hp.
You barely miss the swamp dragon.
The swamp dragon bites you but does no damage.
You block the swamp dragon's attack. The swamp dragon barely misses you.
You slash the swamp dragon! 😱 HP[+1]
You slash the swamp dragon!
The swamp dragon breathes poison at you.
The blast of poison engulfs you but does no damage.
You are poisoned.
You hear an angry hiss.
You barely miss the swamp dragon.
You are engulfed in poison gas.
You are lethally poisoned!
* * * LOW HITPOINT WARNING * * *
x2 You feel extremely sick.
You block the swamp dragon's attack. x2; The swamp dragon closely misses you. 😱 HP[-9]
You take 9 damage, and now have 18/113 hp.
You feel better.
You are engulfed in poison gas.
You are poisoned.
* * * LOW HITPOINT WARNING * * *
You feel very sick. The swamp dragon bites you!
* * * LOW HITPOINT WARNING * * *
The swamp dragon claws you but does no damage.
You block the swamp dragon's attack. 😱 HP[-11]
You take 11 damage, and now have 7/113 hp.
You feel better.
You are engulfed in poison gas.
You are lethally poisoned!
* * * LOW HITPOINT WARNING * * *
x2 You feel very sick.
The swamp dragon breathes poison at you.
The blast of poison engulfs you!
You are more poisoned.
You die...

Skill      XL: |  1  2  3  4  5  6  7  8  9 10 11 12 13 14 |
---------------+-------------------------------------------+-----
Axes           | 3 4 5 6 7 9 10 12 13 14 | 14.4
Fighting       | 4 5 6 7 8 9 10 11 | 11.6
Armour         | 4 5 6 7 8 9 10 11 | 11.6
Shields        | 5 6 7 8 9 10 11 12 13 | 13.7
Invocations    | 1 3 5 |  5.0
Throwing       | 3 4 5 7 8 9 |  9.1

Action                   |  1- 3 |  4- 6 |  7- 9 | 10-12 | 13-15 || total
-------------------------+-------+-------+-------+-------+-------++-------
Melee: War axe           |    49 |       |       |   326 |    84 ||   459
       Battleaxe         |    53 |    87 |   183 |    41 |       ||   364
       Broad axe         |       |       |       |       |   365 ||   365
 Abil: Dig               |       |       |       |       |     1 ||     1
Evoke: Wand              |       |       |       |       |     2 ||     2
  Use: Scroll            |       |       |       |    12 |     2 ||    14
       Potion            |       |       |       |       |     4 ||     4
Armor: Scale mail        |    57 |     4 |       |       |       ||    61
       Plate armour      |       |    49 |   145 |   231 |   339 ||   764
Dodge: Dodged            |    91 |    47 |    83 |   114 |   136 ||   471
Block: Buckler           |    42 |    21 |    76 |   269 |   310 ||   718
       Reflection        |       |       |     1 |    10 |     2 ||    13

Levels and vault maps discovered:
D:1:      lightli_iron_boxes, layout_basic
D:2:      layout_rooms, shapermc_ecumenical_altar_flowoftime
D:3:      layout_basic, uniq_natasha
D:4:      layout_rooms, serial_shops, nicolae_take_the_stairs,
          uniq_blork_the_orc
D:5:      layout_basic, minmay_temple_entry_stoned_glass, serial_shops,
          nicolae_lakefront_shop, grunt_ministairs_2,
          minmay_misc_feat_more_columns, kennysheep_generic_room_15
D:6:      layout_basic, serial_rivers, chequers_serial_rivers_small_a,
          chequers_serial_rivers_micro_c, chequers_serial_rivers_micro_d,
          chequers_serial_rivers_micro_b, chequers_serial_rivers_small_a
D:7:      layout_basic, chequers_temple_overflow_statue_of_worship,
          serial_shops, shop_statue, hellmonk_ghost_happy_afterlife,
          uniq_duvessa, uniq_joseph
D:8:      layout_loops_ring, amcnicky_altar_gilded, guppyfry_early_elven_hall,
          uniq_maurice
D:9:      kennysheep_blocky_room, layout_long_grid, erik_lair_orcish_takeover
Temple:   compressed_dpeg_circular_temple
Lair:1:   layout_regular_city, st_stairs_13, chequers_serial_rivers_room_a,
          serial_bayou_shore_a, grunt_megastairs_4, uniq_sonja
Lair:2:   layout_layer_cave, minmay_snake_entry_six_corridors,
          grunt_megastairs_1, uniq_maggie
Lair:3:   layout_roguey, elwin_shoals_entry_stream,
          chequers_serial_rivers_micro_d, minivault_19, grunt_megastairs_3
Lair:4:   layout_regular_city, gammafunk_lair_bear_cave,
          infiniplex_staircase_pool, serial_bayou_shore_b
Lair:5:   hangedman_lair_tendril_chambers, layout_misc_corridors,
          guppyfry_lair_end_dragon, slime_entry_1,
          nicolae_lair_run_with_the_wolves, infiniplex_staircase_pool_2,
          serial_bayou_shore_b
Snake:1:  layout_gridlike, uniq_kirke, uniq_roxanne

Notes
Turn   | Place    | Note
-------+----------+-------------------------------------------
     0 | D:1      | Sanktem7 the Formicid Fighter began the quest for the Orb.
     0 | D:1      | Reached XP level 1. HP: 18/18 MP: 1/1
     0 | D:1      | magus.rc [v1.9.6]
    10 | D:1      | You fall into a shaft and drop 1 floor!
   161 | D:2      | Reached XP level 2. HP: 22/24 MP: 2/2
   626 | D:2      | Found a faded altar of an unknown god.
   736 | D:1      | Reached XP level 3. HP: 29/29 MP: 3/3
  1097 | D:1      | Reached XP level 4. HP: 35/37 MP: 4/4
  1154 | D:1      | Reached skill level 3 in Axes
  1248 | D:1      | You pick up a book of Power and begin reading...
  1248 | D:1      | You add the spells Iskenderun's Battlesphere, Iron Shot and
                  | Spellforged Servitor to your library.
  1375 | D:3      | Found the +15 Maxwell's patent armour {-Cast -Tele rElec
                  | Will+ rCorr}
  1656 | D:3      | You pick up a book of Air and begin reading...
  1656 | D:3      | You add the spells Shock and Airstrike to your library.
  1788 | D:3      | Noticed Natasha
  1793 | D:3      | Killed Natasha
  1794 | D:3      | Reached XP level 5. HP: 42/42 MP: 5/5
  1944 | D:4      | Reached skill level 4 in Fighting
  1995 | D:4      | Noticed Blork the orc
  1997 | D:4      | Reached skill level 4 in Armour
  1997 | D:4      | Reached skill level 5 in Shields
  2011 | D:4      | Killed Blork the orc
  2012 | D:4      | Reached skill level 4 in Axes
  2012 | D:4      | Reached XP level 6. HP: 41/48 MP: 6/6
  2212 | D:4      | Found Kagucra's Armour Boutique.
  2469 | D:5      | Entered Level 5 of the Dungeon
  2476 | D:5      | Reached XP level 7. HP: 51/55 MP: 7/7
  2568 | D:5      | Found Ozadgha's Antique Armour Boutique.
  2644 | D:5      | Reached skill level 5 in Axes
  2644 | D:5      | Reached skill level 6 in Shields
  2696 | D:5      | Reached skill level 5 in Fighting
  2733 | D:5      | Found a staircase to the Ecumenical Temple.
  2867 | D:5      | Reached skill level 5 in Armour
  2969 | D:5      | Reached XP level 8. HP: 62/62 MP: 8/8
  3212 | D:5      | You add the spells Alistair's Intoxication, Borgnjor's Vile
                  | Clutch and Eringya's Noxious Bog to your library.
  3438 | Temple   | Entered the Ecumenical Temple
  3553 | D:6      | You pick up a book of Lightning and begin reading...
  3553 | D:6      | You add the spells Static Discharge, Lightning Bolt and
                  | Maxwell's Capacitive Coupling to your library.
  3720 | D:6      | Reached skill level 6 in Axes
  4332 | D:6      | Reached skill level 7 in Shields
  4430 | D:7      | Found an iron altar of Okawaru.
  4431 | D:7      | Found an ornate altar of the Wu Jian Council.
  4432 | D:7      | Found a hide-covered altar of Uskayaw.
  4436 | D:7      | Became a worshipper of Warmaster Okawaru
  4450 | D:7      | Noticed Duvessa
  4450 | D:7      | Noticed Dowan
  4457 | D:7      | Killed Dowan
  4463 | D:7      | Killed Duvessa
  4560 | D:7      | Reached skill level 6 in Fighting
  4560 | D:7      | Reached skill level 1 in Invocations
  4560 | D:7      | Reached XP level 9. HP: 64/69 MP: 9/9
  4633 | D:7      | Reached skill level 1 in Throwing
  4633 | D:7      | Reached skill level 6 in Armour
  4686 | D:7      | Reached skill level 7 in Axes
  4696 | D:7      | Reached skill level 2 in Invocations
  4716 | D:7      | Identified the +1 scale mail of Varoxzih {+Blink Int+5}
  4720 | D:7      | Reached * piety under Okawaru
  4721 | D:7      | Found Cyud's General Store.
  4760 | D:7      | Bought 2 potions of curing for 78 gold pieces
  4760 | D:7      | Bought a scroll of identify for 26 gold pieces
  4953 | D:7      | Found a runed translucent door.
  4953 | D:7      | Noticed AverageBear's ghost (novice DsFi)
  5246 | D:7      | Noticed Joseph
  5256 | D:7      | Killed Joseph
  5257 | D:7      | Reached skill level 2 in Throwing
  5350 | D:7      | Identified the amulet "Kisy" {Reflect Int+4 SH+5}
  5428 | D:8      | Found a basalt altar of Yredelemnul.
  5517 | D:8      | Reached skill level 3 in Invocations
  5603 | D:8      | Noticed Maurice
  5628 | D:8      | Killed Maurice
  5629 | D:8      | Reached skill level 8 in Shields
  5726 | D:8      | Reached ** piety under Okawaru
  5727 | D:8      | Reached skill level 3 in Throwing
  5727 | D:8      | Reached XP level 10. HP: 62/77 MP: 12/12
  5732 | D:8      | Reached skill level 8 in Axes
  5738 | D:8      | Reached skill level 7 in Fighting
  5738 | D:8      | Reached skill level 4 in Invocations
  5747 | D:8      | Reached skill level 7 in Armour
  6002 | D:8      | Reached *** piety under Okawaru
  6408 | D:8      | Noticed a deep elf pyromancer
  6414 | D:8      | Killed a deep elf pyromancer
  6610 | D:8      | Identified 2 scrolls of acquirement
  6610 | D:8      | Acquired 965 gold pieces
  6612 | D:8      | Acquired the ring "Oxzywn" {AC+4 Str+2}
  6690 | D:9      | Reached skill level 4 in Throwing
  6690 | D:9      | Reached skill level 9 in Shields
  6692 | D:9      | Reached skill level 5 in Invocations
  6694 | D:9      | Reached skill level 9 in Axes
  6867 | D:9      | Reached **** piety under Okawaru
  6957 | D:9      | Reached XP level 11. HP: 74/86 MP: 14/14
  6968 | D:9      | Received a gift from Okawaru
  6974 | D:9      | Reached skill level 8 in Fighting
  7163 | D:9      | Reached skill level 8 in Armour
  7280 | D:9      | Found a staircase to the Lair.
  7285 | D:9      | Reached skill level 5 in Throwing
  7602 | D:9      | Reached skill level 10 in Shields
  7603 | D:9      | Noticed a wizard
  7609 | D:9      | Killed a wizard
  7610 | D:9      | Reached skill level 10 in Axes
  7615 | D:9      | Received a gift from Okawaru
  7626 | D:9      | Noticed a manticore
  7637 | D:9      | Killed a manticore
  7637 | D:9      | Reached ***** piety under Okawaru
  8127 | Lair:1   | Entered Level 1 of the Lair of Beasts
  8150 | Lair:1   | You pick up a book of the Tundra and begin reading...
  8150 | Lair:1   | You add the spells Hailstorm and Ice Form to your library.
  8271 | Lair:1   | You pick up a book of Necromancy and begin reading...
  8271 | Lair:1   | You add the spells Necrotise, Vampiric Draining and Agony
                  | to your library.
  8310 | Lair:1   | Noticed Sonja
  8323 | Lair:1   | Killed Sonja
  9130 | Lair:2   | Identified the +11 great mace of Ilogax {vorpal, rF-
                  | Will++} (Okawaru gifted it to you on level 2 of the Lair of
                  | Beasts)
  9130 | Lair:2   | Received a gift from Okawaru
  9193 | Lair:2   | Reached XP level 12. HP: 94/94 MP: 15/15
  9203 | Lair:2   | Reached skill level 9 in Fighting
  9203 | Lair:2   | Reached skill level 6 in Throwing
  9217 | Lair:2   | You add the spells Gell's Gravitas, Teleport Other and
                  | Dispersal to your library.
  9290 | Lair:2   | Found a staircase to the Snake Pit.
  9299 | Lair:2   | Reached skill level 11 in Axes
  9299 | Lair:2   | Reached skill level 9 in Armour
  9504 | Lair:2   | Reached skill level 11 in Shields
  9537 | Lair:2   | Identified the +1 animal skin "Jobaozym" {Rampage} (Okawaru
                  | gifted it to you on level 2 of the Lair of Beasts)
  9537 | Lair:2   | Received a gift from Okawaru
  9748 | Lair:2   | Noticed Maggie
  9760 | Lair:2   | Killed Maggie
  9906 | Lair:2   | Identified the +6 hand axe of Bankruptcy {holy, rN+ Str+5
                  | Dex+2}
 10577 | Snake:1  | Entered Level 1 of the Snake Pit
 10578 | Snake:1  | Noticed Kirke
 10647 | Lair:3   | Reached skill level 7 in Throwing
 10650 | Lair:3   | Reached skill level 12 in Axes
 10679 | Lair:3   | Found a staircase to the Shoals.
 10994 | Lair:3   | Reached XP level 13. HP: 103/103 MP: 16/16
 11061 | Lair:3   | Reached skill level 10 in Fighting
 11157 | Lair:3   | Reached skill level 10 in Armour
 11273 | Lair:3   | Reached skill level 12 in Shields
 11574 | Lair:3   | You pick up a book of Maledictions and begin reading...
 11574 | Lair:3   | You add the spells Anguish and Enfeeble to your library.
 12003 | Lair:4   | Identified the +0 cloak of the Snake Pit {rElec rF+}
                  | (Okawaru gifted it to you on level 4 of the Lair of Beasts)
 12003 | Lair:4   | Received a gift from Okawaru
 12500 | Lair:4   | Identified the +1 broad axe of the Twenty Wonders {pain,
                  | *Noise rElec rC+++ rN+}
 12768 | Lair:4   | Reached ****** piety under Okawaru
 12798 | Lair:4   | Reached skill level 13 in Axes
 13076 | Lair:5   | Entered Level 5 of the Lair of Beasts
 13216 | Lair:5   | Reached skill level 8 in Throwing
 13543 | Lair:4   | Received a gift from Okawaru
 13544 | Lair:4   | Reached XP level 14. HP: 61/111 MP: 17/17
 13545 | Lair:4   | Reached skill level 13 in Shields
 13556 | Lair:5   | Reached skill level 11 in Fighting
 13556 | Lair:5   | Reached skill level 11 in Armour
 13757 | Lair:5   | HP: 28/113 [poisoned by a black mamba]
 14525 | Lair:5   | Reached skill level 14 in Axes
 14603 | Lair:5   | You pick up a book of Displacement and begin reading...
 14700 | Lair:5   | Found a staircase to the Slime Pits.
 14700 | Lair:5   | Found the +11 plutonium sword {Contam Stlth-}
 14701 | Lair:5   | Found a viscous altar of Jiyva.
 14725 | Lair:5   | Received a gift from Okawaru
 14781 | Lair:5   | Reached skill level 9 in Throwing
 15650 | Lair:5   | HP: 26/113 [swamp dragon (7)]
 15655 | Lair:5   | HP: 22/113 [swamp dragon] (5)]
 15655 | Lair:5   | HP: 7/113 [swamp dragon (12)]
 15656 | Lair:5   | Killed from afar by a swamp dragon

Vanquished Creatures
  A fire dragon (Lair:5)
  A wizard (D:9)
  3 wolf spiders (Lair:5)
  A deep elf pyromancer (D:8)
  A manticore (D:9)
  10 elephants
  2 merfolk sirens (Lair:3)
  13 black mambas
  2 torpor snails
  13 cane toads
  A guardian serpent (Lair:5)
  Joseph (D:7)
  6 rime drakes
  6 komodo dragons
  Maggie (Lair:2)
  2 merfolk (Lair:3)
  3 hornets (Lair:5)
  A polar bear (Lair:4)
  7 blink frogs
  8 dream sheep
  A wraith (D:9)
  12 wyverns
  4 basilisks
  65 yaks
  A redback (Lair:5)
  2 steam dragons (Lair:5)
  2 wargs (D:9)
  An acid dragon (Lair:5)
  24 water moccasins
  Duvessa (D:7)
  2 orc warriors (D:9)
  A sky beast (D:7)
  A black bear (Lair:4)
  20 wolves
  4 centaurs
  3 ogres
  3 kobold brigands
  A phantom (D:4)
  Blork the orc (D:4)
  14 bullfrogs
  A gnoll sergeant (D:9)
  A necrophage (D:6)
  2 scorpions
  9 wights
  Dowan (D:7)
  5 electric eels
  4 howler monkeys
  3 jellies
  An orc priest (D:5)
  4 hounds
  2 gnoll boudas
  6 orc wizards
  6 iguanas
  Natasha (D:3)
  5 adders
  13 gnolls
  A shadow imp (D:7)
  2 white imps
  2 dart slugs (D:1)
  26 orcs
  7 bats
  9 endoplasms
  4 giant cockroaches
  9 goblins
  6 hobgoblins
  7 jackals
  14 kobolds
  4 quokkas
  8 ball pythons
  2 frilled lizards
411 creatures vanquished.

Vanquished Creatures (others)
  Sonja (Lair:1)
  Maurice (D:8)
  26 fungi
  92 plants
120 creatures vanquished.

Grand Total: 531 creatures vanquished

Table legend:
 A = Non-vault XP
 B = Vault XP
 C = Vault XP percentage of total XP
 D = Non-vault monster count
 E = Vault monster count
 F = Vault count percentage of total count
                 A         B        C        D         E       F
            +---------+---------+-------+---------+---------+-------
      Total |   37112 |   26653 |  41.8 |     304 |     109 |  26.4
            +---------+---------+-------+---------+---------+-------
        D:1 |      64 |       0 |   0.0 |      26 |       0 |   0.0
        D:2 |      28 |       0 |   0.0 |      16 |       0 |   0.0
        D:3 |      22 |      35 |  61.4 |      10 |       1 |   9.1
        D:4 |     252 |      91 |  26.5 |      25 |       1 |   3.8
        D:5 |     582 |      59 |   9.2 |      17 |       4 |  19.0
        D:6 |     493 |       0 |   0.0 |      15 |       0 |   0.0
        D:7 |     825 |     604 |  42.3 |      24 |       3 |  11.1
        D:8 |    2048 |     908 |  30.7 |      22 |       2 |   8.3
        D:9 |    3230 |    2580 |  44.4 |      23 |      15 |  39.5
     Lair:1 |    1180 |    1596 |  57.5 |       8 |       8 |  50.0
     Lair:2 |    7339 |    2633 |  26.4 |      31 |      10 |  24.4
     Lair:3 |    3240 |    2461 |  43.2 |      17 |       7 |  29.2
     Lair:4 |    6653 |     615 |   8.5 |      27 |       4 |  12.9
     Lair:5 |   11156 |   15071 |  57.5 |      43 |      54 |  55.7
            +---------+---------+-------+---------+---------+-------

Illustrated notes

Table legend:
 A = Kills in this place as a percentage of kills in entire the game.
 B = Kills by you in this place as a percentage of kills by you in the entire game.
 C = Kills by friends in this place as a percentage of kills by friends in the entire game.
 D = Other kills in this place as a percentage of other kills in the entire game.
 E = Experience gained in this place as a percentage of experience gained in the entire game.
 F = Experience gained in this place divided by the number of levels of this place that you have seen.
                   A       B       C       D       E      F
               +-------+-------+-------+-------+-------+----------------------
         Total | 100.0 | 100.0 |   N/A | 100.0 | 100.0 | 3985.3
       Dungeon |  49.4 |  49.4 |   N/A |  50.0 |  18.5 | 1313.4
          Lair |  50.6 |  50.6 |   N/A |  50.0 |  81.5 | 10388.8
               +-------+-------+-------+-------+-------+----------------------

Table legend: (Time is in decaauts)
 A = Elapsed time spent in this place.
 B = Non-inter-level travel time spent in this place.
 C = Inter-level travel time spent in this place.
 D = Time resting spent in this place.
 E = Time spent auto-exploring this place.
 F = Levels seen in this place.
 G = Mean time per level.
                   A        B        C        D        E       F      G
               +--------+--------+--------+--------+--------+-----+--------+
         Total |  15830 |  15506 |    324 |    496 |  12460 |  16 |  989.4 |
       Dungeon |   8318 |   8066 |    252 |      0 |   6693 |   9 |  924.2 |
        Temple |      1 |      1 |      0 |      0 |      0 |   1 |    1.0 |
          Lair |   7508 |   7436 |     72 |    496 |   5767 |   5 | 1501.6 |
     Snake Pit |      1 |      1 |      0 |      0 |      0 |   1 |    1.0 |
               +--------+--------+--------+--------+--------+-----+--------+

Top non-repeatable levels by time:
  Lair:5: 2259 daAuts
  Lair:2: 1497 daAuts
  Lair:4: 1485 daAuts
     D:9: 1456 daAuts
     D:8: 1280 daAuts
  Lair:3: 1276 daAuts
     D:7: 1082 daAuts
     D:5: 1010 daAuts
  Lair:1: 989 daAuts
     D:6: 923 daAuts
     D:2: 749 daAuts
     D:1: 640 daAuts
     D:3: 617 daAuts
     D:4: 558 daAuts
 Snake:1: 1 daAuts
